[ AOE2 MATCH · #506337127 ]
UnrankedByzantines vs Slavs
Player's team · LOSS
Rival team · WIN
[ REPLAY ANALYSIS · EXTRACTED FROM THE RECORDED GAME ]
Feudal
—
Castle
—
Imperial
—
| APM avg | 36.7 |
| APM peak | 83 |
| eAPM avg | 15.2 |
| Villagers / military | 28 / 4 |
Focus
⚔️ 23.8% · 🌾 76.2%
Militia ×4
Feudal
10:23
Castle
—
Imperial
—
| APM avg | 31.9 |
| APM peak | 72 |
| eAPM avg | 13.5 |
| Villagers / military | 30 / 3 |
Focus
⚔️ 26.4% · 🌾 73.6%
Militia ×3
Match map
Initial resources + every placement click. Lines = walls · curves = elevation contours. ◆ gold · ⬟ stone · ● berries · ✦ relic · ◌ wall gap
Your base· Open — 12t gap
Beachboyboss's base· Open — unwalled flank
Smoothed initial terrain · ◌ = detected wall gap · hover for details
Inputs per minute
— Jack_el_Guapo - - Beachboyboss
Build order — Jack_el_Guapo
52 actions detected in the replay
| 0:01 | Build | House |
| 0:02 | Build | House |
| 0:03 | Queue | Villager (Male) |
| 0:03 | Queue | Villager (Male) |
| 0:03 | Queue | Villager (Male) |
| 0:17 | Queue | Villager (Male) |
| 1:25 | Queue | Villager (Male) |
| 1:25 | Queue | Villager (Male) |
| 1:57 | Build | Lumber Camp |
| 1:58 | Queue | Villager (Male) |
| 1:58 | Queue | Villager (Male) |
| 2:18 | Queue | Villager (Male) |
| 2:45 | Queue | Villager (Male) |
| 3:16 | Queue | Villager (Male) |
| 3:36 | Queue | Villager (Male) |
| 4:01 | Queue | Villager (Male) |
| 4:42 | Build | House |
| 4:46 | Build | Barracks |
| 4:49 | Research | Loom |
| 5:14 | Queue | Villager (Male) |
| 5:37 | Queue | Villager (Male) |
| 5:38 | Queue | Militia |
| 5:38 | Queue | Militia |
| 5:38 | Queue | Militia |
| 6:00 | Build | House |
| 6:10 | Queue | Villager (Male) |
| 6:27 | Queue | Villager (Male) |
| 6:29 | Queue | Militia |
| 6:57 | Build | Mill |
| 7:02 | Queue | Villager (Male) |
| 7:47 | Queue | Villager (Male) |
| 7:47 | Queue | Villager (Male) |
| 7:49 | Build | Farm |
| 7:50 | Build | Farm |
| 7:51 | Queue | Villager (Male) |
| 7:56 | Build | House |
| 9:12 | Queue | Villager (Male) |
| 9:13 | Queue | Villager (Male) |
| 9:17 | Build | Mining Camp |
| 9:49 | Queue | Villager (Male) |
| 10:08 | Build | Mill |
| 10:13 | Build | Palisade Wall |
| 10:23 | Queue | Villager (Male) |
| 10:26 | Build | Mining Camp |
| 10:31 | Build | Palisade Wall |
| 10:36 | Build | Palisade Wall |
| 10:53 | Queue | Villager (Male) |
| 10:57 | Build | Farm |
| 10:59 | Queue | Villager (Male) |
| 11:01 | Build | Palisade Wall |
| 11:08 | Build | Palisade Wall |
| 11:27 | Queue | Villager (Male) |
Build order — Beachboyboss
56 actions detected in the replay
| 0:01 | Queue | Villager (Male) |
| 0:01 | Queue | Villager (Male) |
| 0:01 | Queue | Villager (Male) |
| 0:02 | Build | House |
| 0:04 | Build | House |
| 0:11 | Queue | Villager (Male) |
| 1:39 | Queue | Villager (Male) |
| 2:01 | Queue | Villager (Male) |
| 2:09 | Queue | Villager (Male) |
| 2:09 | Queue | Villager (Male) |
| 2:15 | Build | Lumber Camp |
| 2:41 | Queue | Villager (Male) |
| 3:01 | Queue | Villager (Male) |
| 3:01 | Queue | Villager (Male) |
| 3:37 | Build | House |
| 3:51 | Queue | Villager (Male) |
| 3:51 | Queue | Villager (Male) |
| 4:30 | Build | House |
| 4:43 | Queue | Villager (Male) |
| 4:43 | Queue | Villager (Male) |
| 4:56 | Build | Mill |
| 5:10 | Queue | Villager (Male) |
| 5:25 | Queue | Villager (Male) |
| 5:25 | Queue | Villager (Male) |
| 5:57 | Queue | Villager (Male) |
| 5:58 | Queue | Villager (Male) |
| 6:20 | Queue | Villager (Male) |
| 6:20 | Queue | Villager (Male) |
| 6:21 | Queue | Villager (Male) |
| 6:21 | Queue | Villager (Male) |
| 6:27 | Research | Loom |
| 6:41 | Build | Barracks |
| 7:07 | Build | Palisade Wall |
| 7:25 | Build | Palisade Gate |
| 8:13 | Research | Feudal Age |
| 8:13 | Research | Feudal Age |
| 9:16 | Queue | Villager (Male) |
| 9:19 | Build | Mining Camp |
| 9:31 | Build | Farm |
| 9:36 | Build | House |
| 9:40 | Build | Farm |
| 9:57 | Queue | Militia |
| 9:57 | Queue | Militia |
| 9:57 | Queue | Militia |
| 10:10 | Build | House |
| 10:23 | Age | Feudal Age |
| 10:29 | Queue | Villager (Male) |
| 11:00 | Research | Man-at-Arms (upgrade) |
| 11:03 | Queue | Villager (Male) |
| 11:35 | Queue | Villager (Male) |
| 11:36 | Queue | Villager (Male) |
| 11:41 | Build | Farm |
| 11:43 | Build | Farm |
| 11:58 | Build | Mill |
| 12:13 | Queue | Villager (Male) |
| 12:15 | Build | Farm |
Match timeline
| 4:46 | Jack_el_Guapo · first_building Barracks |
| 6:41 | Beachboyboss · first_building Barracks |
| 7:07 | Beachboyboss · wall_segment Palisade Wall x6 |
| 10:13 | Jack_el_Guapo · wall_segment Palisade Wall x5 |
| 10:23 | Beachboyboss · age_up feudal |
| 10:31 | Jack_el_Guapo · wall_segment Palisade Wall x10 |
| 10:36 | Jack_el_Guapo · wall_segment Palisade Wall x5 |
| 11:01 | Jack_el_Guapo · wall_segment Palisade Wall x4 |
| 11:08 | Jack_el_Guapo · wall_segment Palisade Wall x16 |
| 12:39 | Jack_el_Guapo · resign |
[ AI ANALYSIS · 1 CREDIT ]
What really happened in this match?
Wolo.gg analyzes every decision: build order, eco, micro, common mistakes by bracket. Personalized analysis on WhatsApp or Discord in 30 seconds.
Civ guide
Byzantines
Perfil
Jugador #2933077